 Dungeon Crawl Stone Soup version 0.23-a0-344-ge122d05 (webtiles) character file.

250 Garbasso the Ruffian (level 6, -1/61 HPs)
             Began as an Ogre Transmuter on Oct 19, 2018.
             Killed from afar by an orc wizard (5 damage)
             ... with a magic dart
             ... on level 3 of the Dungeon.
             The game lasted 00:17:10 (4283 turns).

Garbasso the Ruffian (Ogre Transmuter)              Turns: 4283, Time: 00:17:11

Health: -1/61      AC:  3    Str: 15    XL:     6   Next: 13%
Magic:  1/11       EV: 10    Int: 15    God:
Gold:   217        SH:  0    Dex: 10    Spells: 5/11 levels left

rFire    . . .     SeeInvis .     - Unarmed
rCold    . . .     Gourm    .   (no shield)
rNeg     . . .     Faith    .   b - +0 robe
rPois    .         Spirit   .   (helmet restricted)
rElec    .         Reflect  .   (no cloak)
rCorr    .         Harm     .   (gloves unavailable)
MR       .....                  (boots unavailable)
Stlth    ..........             (no amulet)
HPRegen  0.20/turn              (no ring)
MPRegen  0.12/turn              l - ring of attention (curse)

@: appendage
A: large, unfitting armour, horns 2, tough skin 1
a: End Transformation


You were on level 3 of the Dungeon.
You were hungry.
You had grown temporary horns.
You visited 1 branch of the dungeon, and saw 4 of its levels.

You collected 217 gold pieces.

Inventory:

Missiles
 a - 102 arrows
 g - 42 stones (quivered)
 h - 5 tomahawks
Armour
 b - a +0 robe (worn)
Jewellery
 f - an uncursed ring of ice
 l - a cursed ring of attention (right hand)
Scrolls
 c - a scroll of teleportation {unknown}
 i - 3 scrolls of fog {unknown}
 j - 2 scrolls of identify
 k - 3 scrolls of enchant weapon
 m - a scroll of noise {unknown}
 o - 2 scrolls of remove curse {unknown}
 q - a scroll of immolation {unknown}
Potions
 e - a potion of haste {unknown}
 n - a potion of resistance {unknown}
 p - a potion of lignification {unknown}
 r - a potion of invisibility {unknown}
Comestibles
 d - 4 rations
 t - 2 chunks of flesh


   Skills:
 + Level 3.3 Fighting
 - Level 1.7 Dodging
 * Level 4.2 Unarmed Combat
 + Level 3.4 Spellcasting
 * Level 3.4 Transmutations


You had 5 spell levels left.
You knew the following spells:

 Your Spells              Type           Power        Failure   Level  Hunger
a - Beastly Appendage     Tmut           ##....       4%          1    None
b - Sticks to Snakes      Tmut           ##......     7%          2    ##.....
c - Spider Form           Tmut/Pois      #.........   28%         3    ###....

Your spell library contained the following spells:

 Spells                   Type           Power        Failure   Level  Hunger
 Ice Form                 Ice/Tmut       #.......     67%         4    ####...
 Blade Hands              Tmut           ##........   78%         5    ######.


Dungeon Overview and Level Annotations

Branches:
Dungeon (4/15)
 Temple: D:4-7

Altars:
Fedhas
Gozag
The Shining One


Innate Abilities, Weirdness & Mutations

You are too large for most types of armour.
You have tough skin. (AC +1)
You have a pair of horns on your head.


Message History

You miss something. Something hits you but does no damage.
You hit something. Your headbutt misses something. Something hits you.
* * * LOW HITPOINT WARNING * * *
What are your orders? t - Shout!
Orders for allies: a - Attack new target. r - Retreat! s - Stop attacking. g - Guard the area. f - Follow me.
Anything else - Cancel.
Retreat in which direction?
Press: ? - help, Dir - move target cursor, f - you
Okay, then.
As you read the scroll labeled TIPROESTREV, it crumbles to dust.
It is a scroll of identify.
Really abort (and waste the scroll)?
k - 3 scrolls of enchant weapon You hear some strange, mumbled words.
A magic dart appears from out of thin air!
The magic dart hits you!
You die...

####### #. #########.....#
####. #.......#.....# #....
#.......#.....# #....
###.......#.....######....
#.........#..>............
#.........#......#........
#.........#...............
#........@#...............
#........S{..##'##........
###.#..#..............#.##.
#.._..##................###
#.#.#.....###..............
#.........###..............
##.........##..............
#.........##.......#......
#.............#...........


You could see a friendly ball python.

Vanquished Creatures
  Sigmund (D:2)
  Robin (D:2)
  2 adders (D:3)
  2 worms
  3 dart slugs
  5 leopard geckos
  A ball python (D:1)
  3 giant cockroaches
  9 goblins
  10 hobgoblins
  4 jackals (D:2)
  11 bats
  5 frilled lizards
  10 kobolds
  7 rats
74 creatures vanquished.

Vanquished Creatures (collateral kills)
  2 bats
  3 goblins (D:2)
  A hobgoblin (D:2)
  A ball python (D:1)
  2 kobolds
9 creatures vanquished.

Grand Total: 83 creatures vanquished

Notes
Turn   | Place    | Note
-------+----------+-------------------------------------------
     0 | D:1      | Garbasso the Ogre Transmuter began the quest for the Orb.
     0 | D:1      | Reached XP level 1. HP: 19/19 MP: 3/3
   212 | D:1      | Reached XP level 2. HP: 20/28 MP: 3/5
   219 | D:1      | Learned a level 2 spell: Sticks to Snakes
   457 | D:1      | Reached skill level 3 in Unarmed Combat
   769 | D:1      | Reached XP level 3. HP: 16/35 MP: 7/7
  2026 | D:2      | Found an opulent altar of Gozag.
  2058 | D:2      | Reached XP level 4. HP: 42/42 MP: 6/8
  2081 | D:2      | Learned a level 3 spell: Spider Form
  2441 | D:2      | Noticed Robin
  2469 | D:2      | Killed Robin
  2612 | D:2      | Noticed Sigmund
  2828 | D:3      | Found a blossoming altar of Fedhas.
  3160 | D:2      | Killed Sigmund
  3160 | D:2      | Reached skill level 4 in Unarmed Combat
  3160 | D:2      | Reached XP level 5. HP: 43/53 MP: 0/10
  3160 | D:2      | Reached XP level 6. HP: 50/61 MP: 0/11
  4063 | D:3      | Found a faded altar of an unknown god.
  4136 | D:3      | Found a glowing golden altar of the Shining One.
  4283 | D:3      | Killed from afar by an orc wizard

Vault maps used:
D:1:      dpeg_arrival_simpleton_b, minmay_small_reverse_x
D:2:      grunt_gozag_breadcrumbs, uniq_sigmund, uniq_jessica, uniq_robin
D:3:      nicolae_tso_carved_into_rock, lemuel_crystal_altar, first_ration,
          chequers_ecumenical_altar_simple, kennysheep_generic_room_16
D:4:      minmay_temple_entry_statues_fountains

Skill      XL: |  1  2  3  4 |
---------------+-------------+-----
Transmutations | 2 3 |  3.4
Unarmed Combat | 3 4 |  4.2
Fighting       | 2 3 |  3.3
Spellcasting   | 3 |  3.4
Dodging        | |  1.7

Action                   |  1- 3 |  4- 6 || total
-------------------------+-------+-------++-------
Melee: Unarmed           |   183 |   119 ||   302
       Headbutt          |     4 |     5 ||     9
       Kick              |    16 |    11 ||    27
       Punch             |     1 |     3 ||     4
Throw: Stone             |     2 |       ||     2
 Cast: Beastly Appendage |    21 |    14 ||    35
       Sticks to Snakes  |     2 |    19 ||    21
       Spider Form       |       |     1 ||     1
  Use: Scroll            |       |     1 ||     1
       Potion            |       |     1 ||     1
  Eat: Chunk             |     4 |     8 ||    12
Armor: Robe              |    93 |    40 ||   133
Dodge: Dodged            |   144 |    59 ||   203

Table legend:
 A = Non-vault XP
 B = Vault XP
 C = Vault XP percentage of total XP
 D = Non-vault monster count
 E = Vault monster count
 F = Vault count percentage of total count
                 A         B        C        D         E       F
            +---------+---------+-------+---------+---------+-------
      Total |     143 |     215 |  60.1 |      66 |      17 |  20.5
            +---------+---------+-------+---------+---------+-------
        D:1 |      55 |       7 |  11.3 |      32 |       4 |  11.1
        D:2 |      38 |     204 |  84.3 |      22 |      12 |  35.3
        D:3 |      50 |       4 |   7.4 |      12 |       1 |   7.7
            +---------+---------+-------+---------+---------+-------
